 Dungeon Crawl Stone Soup version 0.27.1-35-g4d5d836560 (webtiles) character file.

Game seed: 6066728568206241242

98 gzilladon the Grave Robber (level 4, -1/30 HPs)
             Began as a Demonspawn Necromancer on Mar 31, 2022.
             Was a Follower of Ashenzari.
             Slain by an ufetubus (3 damage)
             ... on level 4 of the Dungeon on Apr 1, 2022.
             The game lasted 00:26:48 (4660 turns).

gzilladon the Grave Robber (Demonspawn Necromancer) Turns: 4660, Time: 00:26:49

Health: -1/30      AC:  2    Str:  8    XL:     4   Next: 43%
Magic:  0/7        EV: 10    Int: 17    God:    Ashenzari [*.....]
Gold:   114        SH:  6    Dex: 14    Spells: 2/7 levels left

rFire    . . .     SeeInvis .   e - +0 dagger
rCold    . . .     Faith    .   k - +0 kite shield of Supernal Wisdom {Cun, Alch} (curse)
rNeg     . . .     Spirit   .   i - +0 robe of the Enigmatic Oblivion {Range, Fort} (curse)
rPois    .         Reflect  .   (no helmet)
rElec    .         Harm     .   (no cloak)
rCorr    .         Rampage  .   (no gloves)
Will     .....                  (no boots)
Stlth    ++........             (no amulet)
HPRegen  0.10/turn              (no ring)
MPRegen  0.10/turn              (no ring)

@: no status effects
A: hooves 2, demonic guardian 1
a: Renounce Religion, Shatter the Chains


You were on level 4 of the Dungeon.
You worshipped Ashenzari.
Ashenzari was aware of your devotion.
You visited 1 branch of the dungeon, and saw 4 of its levels.

You collected 114 gold pieces.

Inventory:

Hand Weapons
 e - a +0 dagger (weapon)
Missiles
 b - 61 bolts
 g - 15 arrows
 j - 53 stones
Armour
 a - a +0 leather armour
 i - the cursed +0 robe of the Enigmatic Oblivion (worn) {Range, Fort}

   It has a curse which improves the following skills: Ranged Combat: Slings,
   Bows, Crossbows and Throwing.
   Fortitude: Armour and Shields.
 k - the cursed +0 kite shield of Supernal Wisdom (worn) {Cun, Alch}
   (You took it off a goblin on level 2 of the Dungeon)

   It has a curse which improves the following skills: Cunning: Dodging and
   Stealth.
   Alchemy:   Poison Magic and Transmutations.
Scrolls
 c - a scroll of identify
 d - a scroll of noise
 h - a scroll of acquirement
 l - 2 scrolls of enchant armour
 m - a scroll of amnesia
 n - a scroll of enchant weapon
Potions
 f - 3 potions of lignification


   Skills:
 + Level 0.4 Short Blades
 + Level 2.2(3.0) Dodging
 + Level 2.0(2.8) Stealth
 - Level 0.1 Unarmed Combat
 + Level 2.4 Spellcasting
 * Level 5.7 Necromancy


You had 2 spell levels left.
You knew the following spells:

 Your Spells              Type           Power      Damage    Failure   Level
a - Pain                  Necr           84%        1d8       12%         1
b - Animate Dead          Necr           10%        N/A       75%         4

Your spell library contained the following spells:

 Spells                   Type           Power      Damage    Failure   Level
 Animate Skeleton         Necr           42%        N/A       12%         1
 Vampiric Draining        Necr           10%        2d7       34%         3
 Agony                    Necr           21%        N/A       97%         5


Dungeon Overview and Level Annotations

Branches:
Dungeon (4/15)
 Temple: D:4-7

Altars:
Ashenzari
Cheibriados
Ru
Trog
Vehumet


Innate Abilities, Weirdness & Mutations

You have hoof-like feet.
A weak demonic guardian rushes to your aid.


Message History

* * * LOW HITPOINT WARNING * * *
Casting: Pain (safe; 12% risk of failure)
Confirm with . or Enter, or press ? or * to list all spells.
Aiming: Pain (safe; 12% risk of failure)
Press: ? - help, Shift-Dir - straight line, f/p - giant cockroach
Aim: a giant cockroach (chance to affect: 91%)
The ufetubus is unaffected.
You block the ufetubus's attack. The ufetubus barely misses you.
Casting: Pain (safe; 12% risk of failure)
Confirm with . or Enter, or press ? or * to list all spells.
Aiming: Pain (safe; 12% risk of failure)
Press: ? - help, Shift-Dir - straight line, f/p - giant cockroach
Aim: a giant cockroach (chance to affect: 91%)
The ufetubus is unaffected.
The ufetubus barely misses you. The ufetubus closely misses you.
The hound bites you but does no damage. The ufetubus barely misses you. x2
Casting: Pain (safe; 12% risk of failure)
Confirm with . or Enter, or press ? or * to list all spells.
You don't have enough magic to cast this spell.
You block the ufetubus's attack. The ufetubus barely misses you.
You hit the hound.
The hound is lightly wounded.
The hound bites you but does no damage. You block the ufetubus's attack.
The ufetubus hits you.
* * * LOW HITPOINT WARNING * * *
A demonic guardian appears!
The hound bites you but does no damage. The ufetubus hits you.
* * * LOW HITPOINT WARNING * * *
The ufetubus hits you but does no damage.
Casting: Pain (safe; 12% risk of failure)
Confirm with . or Enter, or press ? or * to list all spells.
You don't have enough magic to cast this spell.
Casting: Pain (safe; 12% risk of failure)
Confirm with . or Enter, or press ? or * to list all spells.
You don't have enough magic to cast this spell.
You hit the hound but do no damage.
The hound is lightly wounded.
The hound closely misses you. The ufetubus barely misses you.
The ufetubus hits you.
You die...

#.......### #......># ...
#.......### ... ###........
#.. #..####### .. ##÷.#####
. #.....5B# #####
#.#####5######## ..... #.#
#@h....... ..... #.#
########## ##### #.#
######### ##.# #......).
###..## ######.#....##
#.....########.†...........
#..............###..##.....
#............(.....###.....
#.....#.#########..........


You could see a hound, an ufetubus, a giant cockroach (ally target) and a
friendly ufetubus (summoned).

Vanquished Creatures
  4 worms
  A dart slug (D:3)
  An orc (D:3)
  4 ball pythons
  6 endoplasms
  4 giant cockroaches
  5 goblins
  4 hobgoblins
  13 jackals
  3 kobolds
  5 quokkas
  4 bats
  8 frilled lizards
  3 rats
65 creatures vanquished.

Vanquished Creatures (collateral kills)
  An adder (D:4)
  2 goblins (D:4)
  A kobold (D:4)
  A ball python (D:4)
5 creatures vanquished.

Grand Total: 70 creatures vanquished

Notes
Turn   | Place    | Note
-------+----------+-------------------------------------------
     0 | D:1      | gzilladon the Demonspawn Necromancer began the quest for
                  | the Orb.
     0 | D:1      | Reached XP level 1. HP: 13/13 MP: 3/3
   410 | D:1      | Gained mutation: You have large cloven feet. [demonic
                  | ancestry]
   410 | D:1      | Reached XP level 2. HP: 16/19 MP: 1/5
   842 | D:1      | Found a faded altar of an unknown god.
   848 | D:1      | Became a worshipper of Ashenzari the Shackled
  1317 | D:2      | Identified a scroll of acquirement
  1335 | D:2      | Reached skill level 5 in Necromancy
  1367 | D:2      | Gained mutation: You have hoof-like feet. [demonic
                  | ancestry]
  1367 | D:2      | Reached XP level 3. HP: 15/24 MP: 1/6
  2728 | D:3      | Found a sacrificial altar of Ru.
  3174 | D:3      | Gained mutation: A weak demonic guardian rushes to your
                  | aid. [demonic ancestry]
  3174 | D:3      | Reached XP level 4. HP: 21/30 MP: 0/7
  3240 | D:3      | Found a bloodstained altar of Trog.
  3240 | D:3      | Found a snail-covered altar of Cheibriados.
  3503 | D:3      | Found a radiant altar of Vehumet.
  4010 | D:4      | Learned a level 4 spell: Animate Dead
  4633 | D:4      | Reached * piety under Ashenzari
  4660 | D:4      | Slain by an ufetubus

Illustrated notes

Levels and vault maps discovered:
D:1:      minmay_arrival_radiant_lines, layout_basic, basic_ecumenical_altar
D:2:      layout_basic, hangedman_decor_slide_cut
D:3:      layout_loops_ring, nicolae_ru_awakened_eye,
          gammafunk_temple_overflow_statue, mainiacjoe_overflow_brackets,
          kennysheep_decorative_pillar
D:4:      layout_rooms, general_overflow_altar,
          mainiacjoe_overflow_six_doors_small, lemuel_zombie_altar_yredelemnul

Skill      XL: |  1  2 |
---------------+-------+-----
Stealth        | 2 |  2.0
Dodging        | 2 |  2.2
Necromancy     | 5 |  5.7
Short Blades   | |  0.4
Unarmed Combat | |  0.1
Spellcasting   | |  2.4

Action                   |  1- 3 |  4- 6 || total
-------------------------+-------+-------++-------
Melee: Unarmed           |    21 |       ||    21
       Dagger            |    61 |    21 ||    82
       Kick              |    13 |     6 ||    19
 Cast: Pain              |    83 |    27 ||   110
Invok: Curse Item        |     1 |     1 ||     2
Armor: Robe              |    17 |    17 ||    34
Dodge: Dodged            |    55 |    38 ||    93
Block: Kite shield       |    18 |    16 ||    34
